 Dungeon Crawl Stone Soup version 0.27-a0-1140-g099f9bb0e8 (webtiles) character file.

Game seed: 7060675239415669504

151 jasper the Skirmisher (level 5, -1/42 HPs)
             Began as a Mummy Berserker on May 9, 2021.
             Was a Follower of Trog.
             Slain by Sigmund
             ... wielding a +0 scythe
              (10 damage)
             ... on level 3 of the Dungeon.
             The game lasted 00:04:35 (2667 turns).

jasper the Skirmisher (Mummy Berserker)             Turns: 2667, Time: 00:04:36

Health: -1/42      AC:  5    Str: 21    XL:     5   Next: 11%
Magic:  5/5        EV: 11    Int:  6    God:    Trog [*.....]
Gold:   108        SH:  0    Dex: 12    Spells: 4/4 levels left

rFire    . . .     SeeInvis .   a - +0 falchion
rCold    + . .     Faith    .   (no shield)
rNeg     + + +     Spirit   .   i - +0 ring mail
rPois    ∞         Reflect  .   (no helmet)
rElec    .         Harm     .   (no cloak)
rCorr    +         Rampage  .   (no gloves)
Will     ++...                  (no boots)
Stlth    +.........             (no amulet)
HPRegen  1.14/turn              f - ring of resist corrosion
MPRegen  0.09/turn              c - ring of protection from fire

@: strong-willed, regenerating
A: cold resistance 1, negative energy resistance 3, torment resistance 2,
unbreathing 1, heat vulnerability 1, no potions
a: Renounce Religion


You were on level 3 of the Dungeon.
You worshipped Trog.
Trog was aware of your devotion.
You visited 1 branch of the dungeon, and saw 4 of its levels.

You collected 108 gold pieces.

Inventory:

Hand Weapons
 a - a +0 falchion (weapon)
Missiles
 d - 59 stones
 k - 3 poisoned darts (quivered)
Armour
 b - a +0 animal skin
 e - a +0 leather armour
 i - a +0 ring mail (worn)
Jewellery
 c - a ring of protection from fire (right hand)
 f - a ring of resist corrosion (left hand)
 j - a ring of magical power
Scrolls
 g - 2 scrolls of identify
 h - a scroll of blinking {unknown}


   Skills:
 + Level 3.8 Fighting
 * Level 3.8 Long Blades
 + Level 2.5 Armour
 - Level 1.5 Dodging


You had 4 spell levels left.
You didn't know any spells.
Your spell library was empty.

Dungeon Overview and Level Annotations

Branches:
Dungeon (4/15)             Temple (0/1) D:4

Altars:

Annotations:
D:3 Sigmund
D:4 Edmund


Innate Abilities, Weirdness & Mutations

You are immune to poison.
Your flesh is cold resistant. (rC+)
You are immune to negative energy. (rN+++)
You are immune to unholy pain and torment.
You can survive without breathing.
You are vulnerable to heat. (rF-)
You do not drink.


Message History

Throw: 8 darts (poison)
Press: ? - help, Q - select action, (/) - cycle Shift-Dir - straight line You throw a poisoned dart.
Throw: 7 darts (poison)
Press: ? - help, Q - select action, (/) - cycle Shift-Dir - straight line You throw a poisoned dart.
Throw: 6 darts (poison)
Press: ? - help, Q - select action, (/) - cycle Shift-Dir - straight line You throw a poisoned dart.
Throw: 5 darts (poison)
Press: ? - help, Q - select action, (/) - cycle Shift-Dir - straight line You throw a poisoned dart.
Throw: 4 darts (poison)
Press: ? - help, Q - select action, (/) - cycle Shift-Dir - straight line You throw a poisoned dart.
Something hits you but does no damage. Something hits you.
You take 3 damage, and have 39/42 hp.
You closely miss something. Something hits you!
You take 6 damage, and have 33/42 hp.
You miss something.
You feel the effects of Trog's Hand fading.
Something hits you!
You take 6 damage, and have 27/42 hp.
You hit something. Something hits you.
You take 3 damage, and have 24/42 hp.
You hit something but do no damage. Something hits you!
Something hits you but does no damage.
You take 6 damage, and have 18/42 hp.
You hit something. Something hits you but does no damage.
Your skin crawls.
You feel strong-willed.
You can no longer call upon Trog for regeneration and willpower.
Something hits you!
* * * LOW HITPOINT WARNING * * *
You take 11 damage, and have 8/42 hp.
MASSIVE DAMAGE!!
You can't drink.
Okay, then.
Something hits you!
You die...

#.. ..........# #.#
#########.### #.#
#.....#
##.#########.....###
#..................# #
#..#########.....#.# ..
#..### #.....#.#
♣..#....#########.###.#
≈≈≈≈......@......##.#
#.#
.P≈.###.#{##.###.##.#
#.# ### #........|....#
#.# ###.##.....#### #.#
#(######.# #.# .. #.#
#.######.# #. #(#
##<.......### ..
###.#####...#####....
###.
#.........#.......##.


There were no monsters in sight!

Vanquished Creatures
  A bullfrog (D:3)
  Jessica (D:2)
  An adder (D:2)
  A worm (D:2)
  2 dart slugs
  3 ball pythons
  5 bats
  5 endoplasms
  A giant cockroach (D:2)
  3 hobgoblins
  7 jackals (D:2)
  2 kobolds (D:1)
  2 quokkas
  A frilled lizard (D:1)
  3 goblins
  7 rats
45 creatures vanquished.

Vanquished Creatures (others)
  2 plants (D:3)
2 creatures vanquished.

Grand Total: 47 creatures vanquished

Notes
Turn   | Place    | Note
-------+----------+-------------------------------------------
     0 | D:1      | jasper the Mummy Berserker began the quest for the Orb.
     0 | D:1      | Reached XP level 1. HP: 18/18 MP: 1/1
   512 | D:1      | Reached XP level 2. HP: 24/24 MP: 2/2
  1307 | D:2      | Reached XP level 3. HP: 18/29 MP: 3/3
  1642 | D:2      | Noticed Jessica
  1671 | D:2      | Reached ** piety under Trog
  1806 | D:2      | Killed Jessica
  1807 | D:2      | Reached XP level 4. HP: 25/35 MP: 4/4
  2289 | D:3      | Noticed Sigmund
  2372 | D:3      | Noticed a bullfrog
  2383 | D:3      | Killed a bullfrog
  2384 | D:3      | Reached XP level 5. HP: 42/42 MP: 5/5
  2402 | D:4      | Found a staircase to the Ecumenical Temple.
  2402 | D:4      | Noticed Edmund
  2667 | D:3      | Slain by Sigmund

Illustrated notes

Levels and vault maps discovered:
D:1:      grunt_arrival_lava_bath, layout_basic
D:2:      layout_rooms, minmay_puff, uniq_jessica
D:3:      layout_loops_ring, serial_bayou, serial_bayou_shore_a,
          serial_bayou_pond_c, serial_bayou_crossing, serial_bayou_pond_d,
          serial_bayou_lagoon_a, serial_bayou_pond_d, uniq_sigmund
D:4:      layout_loops_cross, grunt_temple_overflow_open,
          okawaru_altar_gauntlet_db, minmay_temple_entry_purple_smoke,
          uniq_edmund

Skill      XL: |  1  2 |
---------------+-------+-----
Long Blades    | 3 |  3.8
Armour         | 2 |  2.5
Fighting       | |  3.8
Dodging        | |  1.5

Action                   |  1- 3 |  4- 6 || total
-------------------------+-------+-------++-------
Melee: Falchion          |    64 |    43 ||   107
Throw: Stone             |    62 |       ||    62
       Dart              |       |    12 ||    12
Invok: Trog's Hand       |       |     3 ||     3
  Use: Scroll            |     2 |       ||     2
 Stab: Sleeping          |     1 |       ||     1
Armor: Animal skin       |     3 |       ||     3
       Leather armour    |    15 |     8 ||    23
       Ring mail         |       |    10 ||    10
Dodge: Dodged            |    41 |    25 ||    66
       Rpst.: Falchion   |    13 |    11 ||    24

Table legend: (Time is in decaauts)
 A = Elapsed time spent in this place.
 B = Non-inter-level travel time spent in this place.
 C = Inter-level travel time spent in this place.
 D = Time resting spent in this place.
 E = Time spent auto-exploring this place.
 F = Levels seen in this place.
 G = Mean time per level.
                   A        B        C        D        E       F      G
               +--------+--------+--------+--------+--------+-----+--------+
         Total |   2695 |   2598 |     97 |    315 |   1761 |   4 |  673.8 |
       Dungeon |   2695 |   2598 |     97 |    315 |   1761 |   4 |  673.8 |
               +--------+--------+--------+--------+--------+-----+--------+

Top non-repeatable levels by time:
     D:1: 1251 daAuts
     D:2: 1101 daAuts
     D:3: 335 daAuts
     D:4: 7 daAuts
